AoeStats
← Spicy

Arabian Desert

509098206Analyzed
1v1 RM · 8d ago on Sep 25, 2026· 24m 19s· 2 players
Game mode
Random Map
Map size
Tiny (2 player)
Population
200
Speed
Normal
Resources
Standard
Victory
Conquest
Starting age
Dark Age
Ending age
Imperial Age
RankedLock teamsTeams togetherTeam positionsShared explorationLock speedFull tech treeHidden civsTurbo modeCheats
Victory
Defeat
🇦🇷 Bulgarians · Argentina
1065
+15
🇦🇺 Khitans · Australia
1034
-15
Spicy
7:27 Loom
10:15 Feudal Age
10:35 Man-at-Arms
11:38 Double-Bit Axe
13:10 Domestication
20:13 Castle Age
20:57 Scale Barding Armor
21:04 Forging
20:57 Husbandry
Michael Scarn
4:53 Loom
10:01 Feudal Age
11:36 Horse Collar
12:33 Double-Bit Axe
18:57 Castle Age
17:39 Stone Mining
18:12 Scale Barding Armor
19:02 Forging
23:02 Chain Barding Armor
23:19 Heavy Plow
24:15 Fletching
24:41 Bloodlines
Connection lost

Rejoining the realm…

Still unreachable

The connection could not be restored.

Session expired

The server has moved on; the page needs a fresh start.